 Dungeon Crawl Stone Soup version 0.31.0-1-g2c135a008e (webtiles) character file.

Game seed: 9037748555466358589

343 qw the Shooter (level 6, -1/48 HPs)
             Began as a Djinni Hunter on Jan 23, 2024.
             Slain by an ice beast (4 damage)
             ... on level 4 of the Dungeon.
             The game lasted 00:00:10 (2222 turns).

qw the Shooter (Djinni Hunter)                      Turns: 2222, Time: 00:00:11

Health: -1/48      AC:  6    Str: 20    XL:     6   Next: 88%
Gold:   112        EV: 12    Int: 10    God:
                   SH:  0    Dex: 17

rFire   + + .        a - +0 shortbow (freeze)
rCold   x x .        (shield currently unavailable)
rNeg    . . .        h - +0 ring mail
rPois   inf          d - +0 helmet
rElec   .            (no cloak)
rCorr   .            (no gloves)
SInv    .            (boots unavailable)
Will    .....        (no amulet)
Stlth   +            b - +6 ring of strength
HPRegen 0.28/turn    (no ring)
MPRegen 0.00/turn

%: infuse magic (-2 HP)
@: about to teleport, flying
A: sickness immunity, fire resistance 2, cold vulnerability 2, float, innate
caster, HP casting, extra vitality 1, strong 1
a: no special abilities


You were on level 4 of the Dungeon.
You visited 1 branch of the dungeon, and saw 4 of its levels.

You collected 112 gold pieces.


Innate Abilities, Weirdness & Mutations

You are immune to sickness and miasma.
You are immune to poison.
Your flesh is very heat resistant. (rF++)
You are very vulnerable to cold. (rC--)
You float through the air rather than walking.
You learn spells naturally, not from books.
Your magical power is your life essence.
You have superior vitality. (+4 MHP)
Your muscles are strong. (Str +4, Int/Dex -1)


   Skills:
 - Level 4.3 Fighting
 + Level 5.0 Ranged Weapons
 - Level 1.0 Armour
 - Level 3.0 Dodging
 - Level 0.7 Stealth


You knew the following spells:

 Your Spells              Type           Power      Damage    Failure   Level
a - Kiss of Death         Conj/Necr      0%         2d5       54%         1
b - Jinxbite              Hex            0%         N/A       67%         2
Your spell library was empty.

Inventory:

Hand Weapons
 a - a +0 shortbow of freezing (weapon)
Armour
 d - a +0 helmet (worn)
 e - the +1 robe "Dodau" {rF+ rCorr Dex-3}
   (You found it on level 3 of the Dungeon)

   Dex-3:     It affects your dexterity (-3).
   rF+:       It protects you from fire.
   rCorr:     It protects you from acid and corrosion.
 h - a +0 ring mail (worn)
 k - a scarf of repulsion
Jewellery
 b - a +6 ring of strength (left hand)
Scrolls
 i - a scroll of enchant weapon {unknown}
 j - a scroll of vulnerability {unknown}
 l - a scroll of identify
 m - a scroll of fear {unknown}
 o - a scroll of fog {unknown}
Potions
 f - a potion of enlightenment {unknown}
 g - a potion of might {unknown}
 n - a potion of curing {unknown}
 p - a potion of brilliance {unknown}

Dungeon Overview and Level Annotations

Branches:
Dungeon (4/15)
 Temple: D:4-7

Altars:


Message History

Enter note:
2213 ||| RETREEEEATING.
You shoot an arrow. The arrow barely misses the goblin.
The arrow hits the ice beast.
The ice beast is lightly wounded.
You shoot an arrow. The arrow closely misses the goblin.
The arrow hits the ice beast but does no damage.
The ice beast is lightly wounded.
The goblin closely misses you.
You shoot an arrow. The arrow hits the goblin.
The arrow freezes the goblin.
You kill the goblin!
You shoot an arrow. The arrow barely misses the ice beast.
The ice beast hits you but does no damage.
You shoot an arrow. The arrow barely misses the ice beast.
The endoplasm closely misses you. The ice beast hits you.
The ice beast freezes you!
You feel a terrible chill! The endoplasm freezes you.
You are frozen.
You feel a terrible chill!
You shoot an arrow. The arrow hits the ice beast.
The ice beast is moderately wounded.
The ice beast closely misses you. The endoplasm freezes you.
You are frozen.
The ice beast hits you but does no damage.
You shoot an arrow. The arrow hits the ice beast.
The ice beast is heavily wounded.
The endoplasm freezes you.
You are frozen!
You feel a terrible chill!
The ice beast hits you but does no damage.
You shoot an arrow. The arrow hits the ice beast.
The ice beast is severely wounded.
The endoplasm hits you but does no damage.
The ice beast hits you. The ice beast freezes you!!
You feel a terrible chill! The endoplasm freezes you.
You are frozen.
You feel a terrible chill!
2222 ||| READING scroll of teleportation.
As you read the scroll of teleportation, it crumbles to dust.
You feel strangely unstable. The ice beast hits you.
You die...

### # ..# .# ~.#
########.# ¤¤# #####
#....)...# ¤¤####...#
#........#
~.#....######........#
¤.###............)...#
..# ##.#....#.%.@Y...#
######.#..#......J...#
...)........#.####..##
###......####.# #..##
.#.......# ### #...#
.........# #........#
..#......#
.$.$.$.$.$..#
....>...##
$.#..........#
........# #....O.....#


You could see an ice beast and an endoplasm.

Vanquished Creatures
  An ogre (D:4)
  A bombardier beetle (D:2)
  3 orc priests (D:3)
  7 adders
  2 dart slugs
  6 orcs (D:3)
  3 endoplasms
  3 giant cockroaches
  9 goblins
  4 hobgoblins
  5 jackals
  3 quokkas
  4 ball pythons
  2 bats (D:2)
  4 frilled lizards
  6 kobolds
  3 rats
66 creatures vanquished.

Notes
Turn   | Place    | Note
-------+----------+-------------------------------------------
     0 | D:1      | qw the Djinni Hunter began the quest for the Orb.
     0 | D:1      | Reached XP level 1. HP: 18/18 MP: 0/0
     0 | D:1      | 0 ||| qw: Version: 0.3-a-135-gb77e89d
     0 | D:1      | 0 ||| qw: Game counter: 857
     0 | D:1      | 0 ||| qw: Melee chars always use a shield: true
     0 | D:1      | 0 ||| qw: God list: Okawaru
     0 | D:1      | 0 ||| qw: Allow faded altars: false
     0 | D:1      | 0 ||| qw: Do Orc after clearing Dungeon:15 true
     0 | D:1      | 0 ||| qw: Do second Lair branch before Depths: true
     0 | D:1      | 0 ||| qw: Lair rune preference: random
     0 | D:1      | 0 ||| qw: Goals: Normal
     0 | D:1      | 0 ||| PLANNING D:1-11
   229 | D:1      | Reached XP level 2. HP: 23/23 MP: 0/0
   475 | D:1      | 475 ||| UPGRADING to +0 ring mail.
   485 | D:1      | 485 ||| DROPPING +0 leather armour.
   486 | D:1      | 486 ||| READING 2 scrolls labelled TIDUPSATOAS.
   486 | D:1      | 486 ||| IDENTIFYING lumpy silvery potion
   487 | D:1      | 487 ||| DRINKING potion of mutation.
   487 | D:1      | Gained mutation: You are very vulnerable to cold. (rC--)
                  | [potion of mutation]
   487 | D:1      | Gained mutation: Your muscles are strong. (Str +4, Int/Dex
                  | -1) [potion of mutation]
   488 | D:1      | 488 ||| READING scroll of identify.
   488 | D:1      | 488 ||| IDENTIFYING 2 black potions
   489 | D:1      | 489 ||| READING scroll labelled GEACEL TERAPPO.
   490 | D:1      | 490 ||| READING scroll labelled NUHYNG VAIDGH.
   491 | D:1      | 491 ||| READING scroll labelled KANAJA CALEIKA.
   491 | D:1      | 491 ||| BRANDING +0 shortbow.
   492 | D:1      | 492 ||| DROPPING scroll of butterflies.
   493 | D:1      | 493 ||| DROPPING 2 potions of degeneration.
   607 | D:2      | Reached XP level 3. HP: 28/28 MP: 0/0
   607 | D:2      | Learned a level 1 spell: Kiss of Death
   609 | D:2      | Reached skill level 4 in Ranged Weapons
   730 | D:2      | Reached skill level 1 in Armour
   899 | D:2      | Reached XP level 4. HP: 34/34 MP: 0/0
   953 | D:2      | Reached skill level 3 in Fighting
  1306 | D:2      | Reached XP level 5. HP: 40/40 MP: 0/0
  1306 | D:2      | Learned a level 2 spell: Jinxbite
  1324 | D:2      | 1324 ||| DROPPING +0 sling of electrocution.
  1328 | D:2      | 1328 ||| UPGRADING to +0 helmet.
  1333 | D:2      | 1333 ||| UPGRADING to +6 ring of strength.
  1334 | D:2      | 1334 ||| READING scroll of identify.
  1334 | D:2      | 1334 ||| IDENTIFYING smoky silvery potion
  1335 | D:2      | 1335 ||| READING 2 scrolls labelled EJINUI YNAWUL.
  1340 | D:2      | 1340 ||| DROPPING potion of lignification.
  1571 | D:3      | Identified the +1 robe "Dodau" {rF+ rCorr Dex-3}
  1653 | D:3      | Reached skill level 3 in Dodging
  1948 | D:4      | 1948 ||| PLANNING SEWER
  1948 | D:4      | 1948 ||| STAIRDANCE
  1957 | D:3      | Reached XP level 6. HP: 34/46 MP: 0/0
  2020 | D:4      | 2020 ||| STAIRDANCE
  2023 | D:3      | Reached skill level 5 in Ranged Weapons
  2143 | D:4      | Noticed an ogre
  2149 | D:4      | Killed an ogre
  2206 | D:4      | Noticed an ice beast
  2208 | D:4      | Noticed a black bear
  2209 | D:4      | 2209 ||| RETREEEEATING.
  2210 | D:4      | Noticed an ogre
  2211 | D:4      | 2211 ||| RETREEEEATING.
  2212 | D:4      | 2212 ||| RETREEEEATING.
  2213 | D:4      | 2213 ||| RETREEEEATING.
  2221 | D:4      | HP: 6/48 [ice beast (18)]
  2221 | D:4      | HP: 2/48 [frozen (4)]
  2222 | D:4      | 2222 ||| READING scroll of teleportation.
  2222 | D:4      | Slain by an ice beast

Levels and vault maps discovered:
D:1:      minmay_arrival_nine_rooms, layout_basic
D:2:      wad_river_or_something, layout_basic
D:3:      layout_basic, skrybe_limestone_x
D:4:      layout_rooms, grunt_gozag_breadcrumbs, minmay_temple_entry_overgrown,
          serial_shops, shop, cheibrodos_sewer_entry_bend,
          kennysheep_generic_room_9

Skill      XL: |  1  2  3  4  5  6 |
---------------+-------------------+-----
Ranged Weapons | 4 5 |  5.0
Armour         | 1 |  1.0
Fighting       | 3 4 |  4.3
Dodging        | 3 |  3.0
Stealth        | |  0.7

Action                     |  1- 3 |  4- 6 || total
---------------------------+-------+-------++-------
   Fire: Shortbow          |    76 |   146 ||   222
    Use: Scroll            |     5 |     3 ||     8
         Potion            |     1 |       ||     1
 Armour: Ring mail         |    23 |    39 ||    62
  Dodge: Dodged            |    15 |    31 ||    46

Table legend:
 A = Non-vault XP
 B = Vault XP
 C = Vault XP percentage of total XP
 D = Non-vault monster count
 E = Vault monster count
 F = Vault count percentage of total count
                 A         B        C        D         E       F
            +---------+---------+-------+---------+---------+-------
      Total |     355 |     136 |  27.7 |      56 |      10 |  15.2
            +---------+---------+-------+---------+---------+-------
        D:1 |      13 |       0 |   0.0 |       8 |       0 |   0.0
        D:2 |     113 |      15 |  11.7 |      17 |       9 |  34.6
        D:3 |     189 |       0 |   0.0 |      23 |       0 |   0.0
        D:4 |      40 |     121 |  75.2 |       8 |       1 |  11.1
            +---------+---------+-------+---------+---------+-------
